 Dungeon Crawl Stone Soup version 0.31-a0-963-ga325b2283a (webtiles) character file.

Game seed: 10427328265225178606

18911 jasper the Pacifist (level 12, -3/65 HPs)
             Began as a Vine Stalker Fighter on Oct 24, 2023.
             Was an Elder of Elyvilon.
             Slain by a tentacled starspawn (4 damage)
             ... on level 1 of the Abyss on Oct 25, 2023.
             The game lasted 00:25:43 (10588 turns).

jasper the Pacifist (Vine Stalker Fighter)         Turns: 10588, Time: 00:25:43

Health: -3/65      AC: 19    Str: 22    XL:     12   Next: 63%
Magic:  0/32       EV:  3    Int:  8    God:    Elyvilon [****..]
Gold:   604        SH:  0    Dex: 16    Spells: 11/11 levels left

rFire   + .          .
                       - Unarmed
rCold   . . .        b - +1 buckler
rNeg    . . .        i - +0 plate armour
rPois   .            d - +2 hat
rElec   .            h - +0 cloak
rCorr   .            j - +0 pair of gloves
SInv    .            l - +0 pair of boots
Will    +....        H - amulet of regeneration Stlth
                     n - ring of magical power
HPRegen 1.90/turn    A - ring of protection from fire
MPRegen 0.23/turn

%: guardian spirit
@: confused, lethally poisoned (-3 -> -3), about to teleport, constricted
A: fangs 3, regeneration 1, magic shield, antimagic bite, no potion heal 2
a: Renounce Religion, Purification, Heal Other, Heal Self


You were on level 1 of the Abyss.
You worshipped Elyvilon.
Elyvilon was greatly pleased with you.
You visited 1 branch of the dungeon, and saw 11 of its levels.
You visited the Abyss 1 time.
You also visited: Bailey.

You collected 667 gold pieces.
You spent 63 gold pieces at shops.

Inventory:

Hand Weapons
 m - the +11 halberd of Prescription {speed, rElec Str+4}
   (You found it on level 3 of the Dungeon)

   Str+4:     It affects your strength (+4).
   rElec:     It insulates you from electricity.
Missiles
 g - 103 stones
 q - 20 boomerangs (quivered)
 v - 2 throwing nets
 O - a curare-tipped dart
Armour
 a - a +0 scale mail
 b - a +1 buckler (worn)
 d - a +2 hat (worn)
 h - a +0 cloak (worn)
 i - a +0 plate armour (worn)
 j - a +0 pair of gloves (worn)
 l - a +0 pair of boots (worn)
Jewellery
 n - a ring of magical power (left hand)
 x - a ring of wizardry
 A - a ring of protection from fire (right hand)
 B - a +5 ring of evasion
 D - an amulet of the acrobat
 E - an amulet of reflection
 H - an amulet of regeneration (around neck)
 M - a ring of protection from cold
Wands
 u - a wand of mindburst (7)
 y - a wand of flame (14)
 F - a wand of iceblast (7)
 S - a wand of digging (8)
 U - a wand of paralysis (2)
 V - a wand of polymorph (2)
Scrolls
 c - 3 scrolls of enchant armour
 f - 2 scrolls of blinking
 o - a scroll of vulnerability
 z - 3 scrolls of fear
 C - 2 scrolls of immolation
 G - 2 scrolls of teleportation
 K - a scroll of torment
 L - a scroll of enchant weapon
 N - a scroll of summoning
 P - a scroll of identify
 Q - a scroll of brand weapon
Potions
 e - a potion of degeneration
 k - 3 potions of mutation
 p - 2 potions of curing
 r - 2 potions of attraction
 t - a potion of brilliance
 w - 2 potions of enlightenment
 I - 2 potions of haste
 J - a potion of heal wounds
 R - a potion of might
 T - a potion of invisibility {unknown}


   Skills:
 + Level 8.3 Fighting
 + Level 7.6 Armour
 - Level 4.0 Shields
 + Level 10.4 Unarmed Combat
 + Level 13.6 Invocations


You had 11 spell levels left.
You didn't know any spells.
Your spell library contained the following spells:

 Spells                   Type           Power      Damage    Failure   Level
 Apportation              Tloc           0%         N/A       100%        1
 Magic Dart               Conj           0%         1d3       100%        1
 Ensorcelled Hibernation  Hex/Ice        0%         N/A       100%        2
 Jinxbite                 Hex            0%         N/A       100%        2
 Searing Ray              Conj           0%         2d4       100%        2
 Anguish                  Hex/Necr       0%         N/A       100%        4
 Fulminant Prism          Conj/Hex       0%         3d5       100%        4
 Alistair's Intoxication  Tmut/Pois      0%         N/A       100%        5


Dungeon Overview and Level Annotations

Branches:
Dungeon (11/15)            Temple (0/1) D:6            Lair (0/5) D:10
    Orc (0/2) D:10         Bailey (visited)

Altars:
Cheibriados
Dithmenos
Elyvilon
Fedhas
Qazlal
Ru
Sif Muna
Xom
Zin
The Shining One

Shops:
D:2 [   D:3 (   D:8 :


Innate Abilities, Weirdness & Mutations

You have razor-sharp teeth.
Your natural rate of healing is unusually fast.
When hurt, damage is shared between your health and your magic reserves.
Your bite disrupts and absorbs the magic of your enemies.
Potions cannot restore your health.


Message History

You are confused.
The starspawn tentacle constricts you.
The neqoxec hits you but does no damage.
The golden eye blinks at the ufetubus.
You easily resist.
The rakshasa blinks!
The ufetubus hits you but does no damage. x2
You take 11 damage, and have 31/65 hp.
You now have 5/32 mp.
You miss the ufetubus.
You feel sick.
The ufetubus hits you but does no damage. x2
The naga mage casts a spell.
The naga mage seems to speed up.
The sun demon hits you!
You are engulfed in flames.
You resist.
* * * LOW HITPOINT WARNING * * *
The tentacled starspawn bites you.
* * * LOW HITPOINT WARNING * * *
The tentacled starspawn tentacle-slaps you.
* * * LOW HITPOINT WARNING * * *
A smoke demon comes into view.
A starcursed mass splits.
A chorus of shrieks assaults your mind. Elyvilon protects you from harm!
Some rock shatters into small pieces.
The ufetubus slips past you! The ufetubus completely misses you.
The ufetubus barely misses you. The golden eye blinks at you.
You are more confused.
The guardian serpent casts a spell at you.
The starspawn tentacle constricts you. The neqoxec hits you.
* * * LOW HITPOINT WARNING * * *
Okay, then.
You take 28 damage, and have 3/65 hp.
MASSIVE DAMAGE!!
You now have 0/32 mp.
Magic courses through your body.
You feel sick.
The ufetubus hits you but does no damage. x2
The golden eye blinks!
The sun demon hits you.
* * * LOW HITPOINT WARNING * * *
You are engulfed in flames.
You resist.
* * * LOW HITPOINT WARNING * * *
The ufetubus hits you but does no damage. x2
The tentacled starspawn barely misses you.
The tentacled starspawn tentacle-slaps you!
You die...

##.. ....X
.#...5.3. . #..
...5# .# .....5.#
#.# #5.....#.#.
#5. h..... #
#Nh##X3######
#####5#333N5.....
#...§G@52#..## ..
#.#≈~~wX32## N#
###NwS#3X# ..


#.#XNNhvh3 3 ....XZ. 5X4.. N. ..#.#.Xvv.N5*. R ... #.#R.# #... ## ###.3 .## You
could see 3 starcursed masses, a cacodemon, a tentacled starspawn, a balrug, a
spatial maelstrom, a rakshasa, a soul eater, 4 sun demons, 2 spatial vortices,
an orange demon, a thrashing horror, 2 large abominations, a guardian serpent, a
naga mage (fast), a smoke demon, a neqoxec, a ynoxinul, 2 hell hounds, 5 nagas,
2 starspawn tentacles, a quasit, a golden eye, 6 ufetubi, a harpy zombie and a
lurking horror.

Vanquished Creatures
  A tentacled starspawn (Abyss:1)
  An orc warlord (Bailey)
  4 two-headed ogres
  A cyclops (D:9)
  An unseen horror (Abyss:1)
  3 trolls
  2 hornets
  A large abomination (Abyss:1)
  2 shadows (D:10)
  2 wraiths
  A wyvern (D:10)
  A hog (shapeshifter) (D:10)
  22 yaks
  A basilisk (D:10)
  8 vampire mosquitoes
  Menkaure (D:5)
  2 acid dragons
  A two-headed ogre zombie (D:10)
  6 water moccasins
  2 hell hounds (Abyss:1)
  7 orc warriors
  2 black bears
  An ice beast (D:7)
  2 centaurs (D:9)
  A phantom (D:10)
  A kobold brigand (D:9)
  A gnoll sergeant (D:9)
  4 bullfrogs
  A scorpion (D:6)
  2 troll zombies (D:10)
  5 killer bees (D:10)
  3 howler monkeys
  An electric eel (D:10)
  A jelly (D:8)
  3 hounds
  9 orc priests
  2 gnoll boudas
  A sleepcap (D:5)
  3 iguanas
  8 orc wizards
  5 ogre zombies (D:10)
  2 adders
  22 gnolls
  A shadow imp (D:8)
  2 white imps
  2 ufetubi (D:6)
  2 dart slugs (D:2)
  29 orcs
  5 ball pythons
  8 bats
  6 endoplasms
  5 giant cockroaches
  17 goblins
  12 hobgoblins
  9 jackals
  A frilled lizard (D:1)
  3 gnoll zombies (D:10)
  23 kobolds
  3 orc skeletons (D:10)
  19 orc zombies (D:10)
  9 rats
306 creatures vanquished.

Vanquished Creatures (others)
  A draconian stormcaller (Abyss:1)
  An ice beast (Abyss:1)
  2 starspawn tentacles (Abyss:1)
4 creatures vanquished.

Grand Total: 310 creatures vanquished

Notes
Turn   | Place    | Note
-------+----------+-------------------------------------------
     0 | D:1      | jasper the Vine Stalker Fighter began the quest for the
                  | Orb.
     0 | D:1      | Reached XP level 1. HP: 11/11 MP: 2/2
   162 | D:1      | Reached XP level 2. HP: 13/16 MP: 3/3
   385 | D:1      | Noticed a great orb of eyes
   391 | D:1      | Found a faded altar of an unknown god.
   394 | D:1      | Noticed a shining eye
   394 | D:1      | Noticed a glass eye
   394 | D:1      | Noticed a golden eye
   602 | D:1      | Reached XP level 3. HP: 18/19 MP: 4/4
   789 | D:2      | Found Exiqiorgh's Armour Emporium.
  1097 | D:2      | Bought a +0 pair of boots for 63 gold pieces
  1800 | D:3      | Identified the +11 halberd of Prescription {speed, rElec
                  | Str+4}
  1959 | D:3      | Reached XP level 4. HP: 24/24 MP: 5/5
  1967 | D:3      | Found Suabad Udghi's Weapon Boutique.
  2964 | D:4      | Found a shimmering altar of Xom.
  2964 | D:4      | Found a shimmering blue altar of Sif Muna.
  3048 | D:4      | Reached XP level 5. HP: 28/28 MP: 6/6
  3194 | D:4      | Found a glowing silver altar of Zin.
  3194 | D:4      | Found a glowing golden altar of the Shining One.
  3194 | D:4      | Found a white marble altar of Elyvilon.
  3217 | D:4      | Became a worshipper of Elyvilon the Healer
  3457 | D:5      | Entered Level 5 of the Dungeon
  3461 | D:5      | Noticed Menkaure
  3480 | D:5      | Killed Menkaure
  3481 | D:5      | Reached XP level 6. HP: 4/32 MP: 2/7
  3643 | D:5      | Found a shadowy altar of Dithmenos.
  3649 | D:5      | Reached skill level 1 in Invocations
  3667 | D:5      | Noticed a black bear
  3980 | D:6      | Reached XP level 7. HP: 37/37 MP: 9/9
  4058 | D:6      | Reached * piety under Elyvilon
  4216 | D:6      | Reached skill level 5 in Unarmed Combat
  4216 | D:6      | Reached skill level 2 in Invocations
  4349 | D:6      | Found a staircase to the Ecumenical Temple.
  4534 | D:6      | Gained mutation: You have razor-sharp teeth. [Vine Stalker
                  | growth]
  4534 | D:6      | Reached XP level 8. HP: 20/42 MP: 10/10
  4965 | D:6      | Found a blossoming altar of Fedhas.
  4981 | D:6      | Found a stormy altar of Qazlal.
  5156 | D:7      | Reached skill level 3 in Invocations
  5179 | D:7      | Found a flagged portal.
  5251 | Bailey   | Entered a bailey
  5301 | Bailey   | Noticed an orc warlord
  5364 | Bailey   | Reached ** piety under Elyvilon
  5403 | Bailey   | Reached skill level 5 in Fighting
  5521 | Bailey   | Reached skill level 4 in Invocations
  5521 | Bailey   | Reached XP level 9. HP: 41/47 MP: 13/13
  5528 | Bailey   | Found a runed translucent gate.
  5528 | Bailey   | Found a runed translucent gate.
  5528 | Bailey   | Found a runed translucent gate.
  5681 | Bailey   | Killed an orc warlord
  5682 | Bailey   | Reached skill level 5 in Armour
  5700 | Bailey   | Identified the +3 hand axe of the Extremes {flame, Dex+2}
  5711 | Bailey   | Identified the +7 battleaxe of Uviran {heavy, Will+}
  5714 | Bailey   | Reached skill level 12 in Invocations
  5714 | Bailey   | Reached XP level 10. HP: 53/53 MP: 20/20
  6024 | D:7      | Reached *** piety under Elyvilon
  6399 | D:8      | Noticed a two-headed ogre
  6411 | D:8      | Killed a two-headed ogre
  6420 | D:8      | Reached XP level 11. HP: 56/56 MP: 21/21
  6526 | D:8      | Found Wipol's Book Boutique.
  7184 | D:9      | Found a sacrificial altar of Ru.
  7221 | D:9      | Reached **** piety under Elyvilon
  7394 | D:9      | Noticed a two-headed ogre
  7412 | D:9      | Killed a two-headed ogre
  7511 | D:9      | Identified the staff of the Sky {rF+ rC+ Str-4 Int+7 Dex-5
                  | Ice}
  7571 | D:9      | Paralysed by a hornet for 1 turns
  7672 | D:9      | Noticed a cyclops
  7688 | D:9      | Killed a cyclops
  8083 | D:10     | Entered Level 10 of the Dungeon
  8084 | D:10     | Found a snail-covered altar of Cheibriados.
  8086 | D:10     | Noticed a boulder beetle
  8105 | D:10     | Found a staircase to the Lair.
  8191 | D:10     | Paralysed by a hornet for 1 turns
  8405 | D:10     | Found a staircase to the Orcish Mines.
  8459 | D:10     | Reached skill level 13 in Invocations
  8588 | D:10     | Noticed a two-headed ogre
  8599 | D:10     | Killed a two-headed ogre
  8720 | D:10     | Reached ***** piety under Elyvilon
  8724 | D:10     | Noticed a two-headed ogre
  8733 | D:10     | Killed a two-headed ogre
  8734 | D:10     | Reached XP level 12. HP: 57/63 MP: 22/22
  9094 | D:10     | Reached skill level 10 in Unarmed Combat
  9649 | Abyss:1  | Cast into level 1 of the Abyss (orc warrior)
 10168 | Abyss:1  | Noticed a tentacled starspawn
 10168 | Abyss:1  | Noticed a white draconian stormcaller
 10180 | Abyss:1  | Killed a tentacled starspawn
 10183 | Abyss:1  | Pacified a white draconian stormcaller
 10207 | Abyss:1  | Killed a white draconian stormcaller
 10571 | Abyss:1  | Noticed a cacodemon
 10571 | Abyss:1  | Noticed a balrug
 10571 | Abyss:1  | Noticed a sun demon
 10572 | Abyss:1  | Noticed a rakshasa
 10572 | Abyss:1  | Noticed a sun demon
 10574 | Abyss:1  | Noticed a tentacled starspawn
 10580 | Abyss:1  | Noticed a starcursed mass
 10580 | Abyss:1  | Noticed a thrashing horror
 10581 | Abyss:1  | Noticed a sun demon
 10582 | Abyss:1  | Noticed a soul eater
 10585 | Abyss:1  | Noticed a sun demon
 10587 | Abyss:1  | Elyvilon protects you from harm!
 10587 | Abyss:1  | HP: 3/65 [neqoxec (3)]
 10588 | Abyss:1  | HP: 1/65 [sun demon[a balrug] (1)]
 10588 | Abyss:1  | Slain by a tentacled starspawn

Illustrated notes

Levels and vault maps discovered:
D:1:      lightli_arrival_statue_moat, layout_rooms,
          hellmonk_ecumenical_altar_watching_god, minmay_misc_feat_rows,
          roderic_three_in_a_row
D:2:      layout_basic, serial_shops, nicolae_shop_tiny_statue_garden
D:3:      layout_rooms, serial_shops, shop, hex_medium
D:4:      layout_basic, dreamdust_divine_triumvirate,
          gammafunk_temple_overflow_elements, roderic_roman_lattice
D:5:      layout_basic, lightli_temple_of_fire,
          mainiacjoe_overflow_concentric_impassable,
          minmay_misc_feat_four_crosses, serial_bayou_pond_e, minmay_bent,
          uniq_menkaure
D:6:      layout_basic, grunt_temple_overflow_forces_of_nature,
          minmay_temple_entry_antechambers, minivault_10
D:7:      layout_cave_pools, enter_bailey_5, serial_column_ruins,
          column_ruins_square_large, column_ruins_grid_1,
          column_ruins_columns_water, column_ruins_columns_corner,
          column_ruins_grid_1, column_ruins_open_small, chequers_garden
D:8:      layout_loops_ring, serial_shops, shop
D:9:      minmay_octagon_keep, layout_long_grid, nicolae_ru_awakened_eye,
          minmay_misc_feat_x
D:10:     layout_irregular_city, cheibriados_altar_2, minmay_lair_entry_grove,
          zombieorc2_lemuel, kennysheep_diamond
D:11:     layout_roguey [special_room_orc], chequers_serial_rivers_micro_a
Abyss:1:  base:
D:9

Skill      XL: |  1  2  3  4  5  6  7  8  9 10 11 12 |
---------------+-------------------------------------+-----
Fighting       | 3 4 5 6 7 8 |  8.3
Shields        | 3 4 |  4.0
Unarmed Combat | 3 4 5 7 8 9 10 | 10.4
Armour         | 3 4 5 6 7 |  7.6
Invocations    | 1 2 4 12 13 | 13.6

Action                     |  1- 3 |  4- 6 |  7- 9 | 10-12 || total
---------------------------+-------+-------+-------+-------++-------
  Melee: Unarmed           |   129 |   173 |   302 |   660 ||  1264
         Bite              |    25 |    46 |    95 |   268 ||   434
  Throw: Stone             |    10 |     1 |     3 |       ||    14
         Boomerang         |       |       |     4 |       ||     4
 Invoke: Heal Self         |       |       |       |     3 ||     3
         Heal Other        |       |       |       |     3 ||     3
  Evoke: Wand              |       |       |       |     5 ||     5
    Use: Scroll            |     6 |     5 |    10 |     4 ||    25
         Potion            |       |     1 |     3 |     3 ||     7
 Armour: Scale mail        |    22 |       |       |       ||    22
         Plate armour      |    66 |   117 |   241 |   714 ||  1138
  Dodge: Dodged            |    45 |    38 |    91 |   195 ||   369
  Block: Buckler           |    24 |    26 |    96 |   221 ||   367
         Reflection        |       |       |       |     1 ||     1

Table legend: (Time is in decaauts)
 A = Elapsed time spent in this place.
 B = Non-inter-level travel time spent in this place.
 C = Inter-level travel time spent in this place.
 D = Time resting spent in this place.
 E = Time spent auto-exploring this place.
 F = Levels seen in this place.
 G = Mean time per level.
                   A        B        C        D        E       F      G
               +--------+--------+--------+--------+--------+-----+--------+
         Total |  10478 |  10039 |    439 |   1075 |   6251 |  13 |  806.0 |
       Dungeon |   9094 |   8655 |    439 |    290 |   5998 |  11 |  826.7 |
         Abyss |    931 |    931 |      0 |    785 |     65 |   1 |  931.0 |
        Bailey |    452 |    452 |      0 |      0 |    188 |   1 |  452.0 |
               +--------+--------+--------+--------+--------+-----+--------+

Top non-repeatable levels by time:
    D:10: 1303 daAuts
     D:6: 1164 daAuts
     D:4: 1047 daAuts
     D:9: 1025 daAuts
     D:2: 1011 daAuts
 Abyss:1: 931 daAuts
     D:1: 779 daAuts
     D:8: 770 daAuts
     D:7: 663 daAuts
     D:3: 655 daAuts
     D:5: 459 daAuts
  Bailey: 452 daAuts
    D:11: 212 daAuts
